 Dungeon Sprint DCSS version 0.19.0-19-g8c6edcc (webtiles) character file.

268 poirepourri the Basher (level 6, 0/40 HPs)
             Began as a Gargoyle Gladiator on Nov 12, 2016.
             Slain by a slime creature (12 damage)
             ... in the Dungeon (Sprint I: "Red Sonja").
             The game lasted 00:00:32 (363 turns).

poirepourri the Basher (Gargoyle Gladiator)          Turns: 363, Time: 00:00:33

Health: 0/40       AC:  8    Str: 18    XL:     6   Next: 21%
Magic:  6/6        EV: 15    Int:  9    God:
Gold:   162        SH:  0    Dex: 12    Spells: 0 memorised, 5 levels left

rFire  . . .     SeeInvis .     a - +0 flail
rCold  . . .     Gourm    .     b - +0 leather armour
rNeg   + . .     Faith    .     (no shield)
rPois  ∞         Spirit   .     c - +0 helmet
rElec  +         Reflect  .     (no cloak)
rCorr  .         Harm     .     (no gloves)
MR     .....     NoTele   +     (no boots)
Stlth  +.........               (no amulet)
                                (no ring)
                                (no ring)

@: no status effects
A: negative energy resistance 1, electricity resistance, unbreathing,
petrification resistance, rot immunity, AC +4
a: no special abilities


You were in the Dungeon.
You were not hungry.

You visited 1 branch You collected 162 gold pieces.

Inventory:

Hand Weapons
 a - a +0 flail (weapon)
Armour
 b - a +0 leather armour (worn)
 c - a +0 helmet (worn)
Scrolls
 k - a scroll of blinking
Potions
 e - a potion of curing
 g - a potion of heal wounds
 h - a potion of haste
 i - 2 potions of magic
 j - a potion of berserk rage
 l - a potion of brilliance {unknown}
Comestibles
 f - a bread ration


   Skills:
 + Level 5.4 Fighting
 + Level 8.6 Maces & Flails
 + Level 4.2 Throwing
 + Level 1.3 Armour
 + Level 6.3 Dodging


You had 5 spell levels left.
You didn't know any spells.

Dungeon Overview and Level Annotations

Branches:
Dungeon (1/1)

Altars:
Makhleb
Sif Muna
Vehumet
Xom
Jiyva
Lugonu


Innate Abilities, Weirdness & Mutations

You are resistant to torment.
Your stone body is resilient. (AC +4)
You are immune to poison.
You resist negative energy. (rN+)
You are resistant to electric shocks. (rElec)
You can survive without breathing.
You are immune to petrification.
You are immune to rotting.


Message History

The slime creature is heavily wounded.
The slime creature completely misses you.
You thump the slime creature!
The slime creature is heavily wounded.
The slime creature hits you but does no damage.
Firing (i - inventory): No suitable missiles.
Press: ? - help, Shift-Dir - straight line, f/p - slime creature
Aim: a slime creature (heavily wounded)
Okay, then.
You hit the slime creature.
The slime creature is heavily wounded.
The slime creature hits you.
* * * LOW HITPOINT WARNING * * *
You hit the slime creature but do no damage.
The slime creature is heavily wounded.
The slime creature completely misses you.
You barely miss the slime creature.
The slime creature is heavily wounded.
The slime creature hits you!
You die...

###################
#<.#..').#.@JJ.#__#
#..'†.#..').#..'..+
#..#####'#####'#__#
#..# #..# #?# ##
#..# #### #/# #..#
..+ #⌠⌠# .._# ####
_.#+# ##+


You could see a slime creature and a jelly.

Vanquished Creatures
  Sigmund (D)
  An ogre (D)
  Ijyb (D)
3 creatures vanquished.

Notes
Turn   | Place    | Note
-------+----------+-------------------------------------------
     0 | D        | poirepourri the Gargoyle Gladiator began the quest for the Orb.
     0 | D        | Reached XP level 1. HP: 12/12 MP: 1/1
     2 | D        | Noticed Ijyb
    13 | D        | Killed Ijyb
    13 | D        | Reached skill level 4 in Maces & Flails
    13 | D        | Reached XP level 2. HP: 13/19 MP: 2/2
    13 | D        | Reached XP level 3. HP: 16/23 MP: 3/3
   120 | D        | Noticed an ogre
   132 | D        | Killed an ogre
   132 | D        | Reached skill level 6 in Maces & Flails
   132 | D        | Reached skill level 5 in Dodging
   132 | D        | Reached XP level 4. HP: 29/29 MP: 4/4
   247 | D        | Noticed Sigmund
   261 | D        | Killed Sigmund
   261 | D        | Reached skill level 5 in Fighting
   261 | D        | Reached skill level 8 in Maces & Flails
   261 | D        | Reached skill level 1 in Armour
   261 | D        | Reached XP level 5. HP: 35/35 MP: 5/5
   261 | D        | Reached XP level 6. HP: 40/40 MP: 6/6
   340 | D        | Found a deep blue altar of Sif Muna.
   341 | D        | Found a burning altar of Makhleb.
   341 | D        | Found a viscous altar of Jiyva.
   341 | D        | Found a shimmering altar of Xom.
   341 | D        | Found a corrupted altar of Lugonu.
   341 | D        | Noticed a slime creature
   343 | D        | Found a radiant altar of Vehumet.
   363 | D        | Slain by a slime creature

Skill      XL: |  1  2  3  4 |
---------------+-------------+-----
Fighting       | 3 4 5 |  5.4
Maces & Flails | 4 6 8 |  8.6
Throwing       | 2 3 4 |  4.2
Dodging        | 3 5 6 |  6.3
Armour         | 1 |  1.3

Action                   |  1- 3 |  4- 6 || total
-------------------------+-------+-------++-------
Melee: Flail             |    18 |    26 ||    44
Throw: Throwing net      |     3 |     2 ||     5
 Stab: Held in net/web   |     1 |     1 ||     2
Armor: Leather armour    |     2 |     4 ||     6
Dodge: Dodged            |    12 |     9 ||    21
